 Dungeon Crawl Stone Soup version 0.30-a0-802-gb92711bcdf (console) character file.

Game seed: 1012611419536651343

467 petzl the Magician (level 7, -15/42 (52) HPs)
             Began as a Formicid Delver on Feb 23, 2023.
             Demolished by a slime creature (18 damage)
             ... on level 14 of the Dungeon.
             The game lasted 00:18:57 (2738 turns).

petzl the Magician (Formicid Delver)                Turns: 2738, Time: 00:18:57

HP:   -15/42 (52)   AC:  3    Str: 17    XL:     7   Next: 30%
MP:   17/17         EV: 12    Int: 11    God:
Gold: 106           SH:  0    Dex: 15    Spells: 14/20 levels left

rFire   . . .      SeeInvis +    a - +0 mace
rCold   . . .      Faith    .    (no shield)
rNeg    . . .      Spirit   .    b - +0 leather armour
rPois   .          Reflect  .    (helmet unavailable)
rElec   .          Harm     .    (no cloak)
rCorr   .          Rampage  .    (no gloves)
Will    .....                    (no boots)
Stlth   +++                      (no amulet)
HPRegen 0.27/turn                (no ring)
MPRegen 0.15/turn                (no ring)

@: heavily drained
A: permanent stasis, dig shafts and tunnels, antennae 3, four strong arms
a: Dig, Shaft Self


You were on level 14 of the Dungeon.
You visited 1 branch of the dungeon, and saw 10 of its levels.

You collected 106 gold pieces.

Inventory:

Hand Weapons
 a - a +0 mace (weapon)
Armour
 b - a +0 leather armour (worn)
Jewellery
 n - an amulet of faith
 p - a ring of magical power
Wands
 f - a wand of digging (3)
 i - a wand of acid (4)
 t - a wand of flame (15)
 u - a wand of charming (1)
Scrolls
 c - 2 scrolls of fog
 e - a scroll of fear
 g - a scroll of immolation {unknown}
 k - a scroll of poison {unknown}
 l - a scroll of teleportation {unknown}
 m - a scroll of brand weapon {unknown}
 o - 2 scrolls of identify {unknown}
 q - a scroll of enchant armour {unknown}
Potions
 d - a potion of cancellation {unknown}
 h - 2 potions of ambrosia {unknown}
 j - a potion of berserk rage {unknown}
 r - a potion of magic {unknown}
 s - a potion of might {unknown}
 v - a potion of flight {unknown}
 x - a potion of curing {unknown}
Miscellaneous
 w - a box of beasts (inert)


   Skills:
 - Level 3.2 Fighting
 - Level 2.0 Maces & Flails
 - Level 1.7 Dodging
 + Level 6.0 Stealth
 + Level 7.0 Spellcasting
 + Level 0.0 Conjurations


You had 14 spell levels left.
You knew the following spells:

 Your Spells              Type           Power      Damage    Failure   Level
a - Iron Shot             Conj/Erth      1%         9d1       100%        6

Your spell library contained the following spells:

 Spells                   Type           Power      Damage    Failure   Level
 Iskenderun's Battlesphe  Conj           3%         2d6       99%         5
 Spellforged Servitor     Conj/Summ      1%         N/A       100%        7


Dungeon Overview and Level Annotations

Branches:
Dungeon (15/15)               Orc (0/2) D:12
 Temple: D:4-7         Lair: D:8-11      Vaults: D:13-14     Depths: D:15

Altars:
Elyvilon
Makhleb

Annotations:
D:4 Edmund
D:5 2 transporters, exclusion: downstairs, Ceno's ghost, novice FoEE
D:6 Menkaure
D:8 Prince Ribbit
D:13 exclusions: meliai, sensed monster (detected) and slime creature
D:14 exclusions: basilisk, boulder beetle, deep elf pyromancer, downstairs, hydra, 2 sensed monsters (detected) and upstairs


Innate Abilities, Weirdness & Mutations

You cannot be hasted, slowed, berserked, paralysed or teleported.
You can dig through walls and to a lower floor.
You have a pair of large antennae on your head. (SInv)
Your four strong arms can wield two-handed weapons with a shield.


Message History

There is a stone staircase leading down here.
The slime creature hits you.
There is a stone staircase leading down here.
HP restored.
The slime creature misses you.
You climb downwards.
Level annotation: exclusions: basilisk, boulder beetle, deep elf pyromancer, downstairs, hydra, 2 sensed monsters (detected) and upstairs
There is a stone staircase leading up here.
The slime creature attacks as you move away!
The slime creature hits you!
Aiming: Charm
Press: ? - help, Shift-Dir - straight line, f - slime creature
Aim: a slime creature (chance to affect: 31%)
The slime creature easily resists.
The slime creature hits you!!
Aiming: Charm
Press: ? - help, Shift-Dir - straight line, f/p - slime creature
Aim: a slime creature (chance to affect: 31%)
Okay, then.
Unknown command.
You open the lid... ...and a larval shockfire beast leaps out!
The box is emptied!
The slime creature hits you!
* * * LOW HITPOINT WARNING * * *
You extend your mandibles.
You dig through the rock wall.
You feel drained.
The slime creature attacks as you move away!
The slime creature hits you!
* * * LOW HITPOINT WARNING * * *
Your larval shockfire beast bursts into living lightning!
The living lightning hits the slime creature!
Your larval shockfire beast blinks! x2
You dig through the rock wall.
You feel drained.
Your larval shockfire beast bursts into living lightning!
The living lightning hits the slime creature!
Your larval shockfire beast blinks! x2
You dig through the rock wall.
You feel drained.
You dig through the rock wall.
You feel drained.
You dig through the rock wall.
You feel drained.
The slime creature attacks as you move away!
The slime creature hits you!!
You die...

#.##.##.# #.......# .
##J##.#.## ## ..#####
#........# ...{
.......##.....#..#....
l.......#...........u
....$...#........#..
..#####......#...#uu
###.#......#
#.......#....
######.## ### #.# #..
#### ### .. ##J##
...## ##{#@#
.....####H##.#
......#...####
....#....ยง..#
..........#.##
#.##.........#
.............#
........<....#
....##......## ###
.... #......# ..# ...
##....## #.# ####.#
#.######## #.#
..{B.....# #.#
..$##.##.# #.#
...##.##.######.#
...##.##........#
..###.###########


You could see a slime creature.

Vanquished Creatures
  2 bullfrogs (D:7)
  A necrophage (D:7)
  A scorpion (D:7)
  2 howler monkeys (D:12)
  2 orc priests
  A hound (D:7)
  2 ogre zombies (D:12)
  2 orcs
  A quokka (D:14)
  A kobold (D:7)
  2 orc skeletons (D:12)
  3 orc zombies (D:12)
20 creatures vanquished.

Notes
Turn   | Place    | Note
-------+----------+-------------------------------------------
     0 | D:5      | petzl the Formicid Delver began the quest for the Orb.
     0 | D:5      | Reached XP level 1. HP: 18/18 MP: 1/1
     3 | D:5      | Identified the +5 dire flail of Brutal Revenge {speed, rF+}
     3 | D:5      | Noticed an ogre
     3 | D:5      | Noticed Ceno's ghost (novice FoEE)
     3 | D:5      | Noticed an ogre
     4 | D:5      | Found a transporter.
     4 | D:5      | Found a transporter.
    23 | D:6      | Noticed Menkaure
    29 | D:5      | Noticed an ogre
    78 | D:5      | Noticed a hound
   119 | D:6      | Noticed an iguana
   120 | D:6      | Noticed a troll
   147 | D:5      | Noticed a necrophage
   198 | D:4      | Noticed Edmund
   198 | D:4      | Noticed a phantom
   201 | D:4      | Found a burning altar of Makhleb.
   205 | D:4      | You fall into a shaft and drop 3 floors!
   225 | D:7      | Noticed a necrophage
   298 | D:7      | Noticed an orc priest
   413 | D:7      | Noticed a hound
   432 | D:7      | Killed a hound
   433 | D:7      | Reached skill level 2 in Spellcasting
   433 | D:7      | Reached XP level 2. HP: 21/24 MP: 1/5
   433 | D:7      | Reached XP level 3. HP: 25/29 MP: 1/7
   522 | D:8      | Noticed Prince Ribbit
   597 | D:7      | Noticed a bullfrog
   626 | D:7      | Noticed a scorpion
   674 | D:7      | Killed a bullfrog
   674 | D:7      | Noticed a bullfrog
   675 | D:7      | Reached skill level 4 in Spellcasting
   675 | D:7      | Reached XP level 4. HP: 35/35 MP: 8/10
   675 | D:7      | Reached XP level 5. HP: 41/41 MP: 8/11
   680 | D:7      | Killed a bullfrog
   681 | D:7      | Reached skill level 5 in Spellcasting
   684 | D:7      | Reached XP level 6. HP: 35/47 MP: 9/14
   801 | D:7      | You fall into a shaft and drop 1 floor!
  1009 | D:7      | Reached skill level 6 in Spellcasting
  1066 | D:7      | You fall into a shaft and drop 2 floors!
  1249 | D:9      | Noticed a wolf
  1252 | D:9      | Noticed a hornet
  1259 | D:9      | You fall into a shaft and drop 3 floors!
  1423 | D:12     | Noticed a purple ugly thing
  1483 | D:12     | Reached XP level 7. HP: 24/52 MP: 17/17
  1594 | D:12     | Noticed a slime creature
  1622 | D:12     | Noticed a vampire mosquito
  1833 | D:12     | Reached skill level 7 in Spellcasting
  1851 | D:12     | Noticed a troll
  1876 | D:12     | Noticed a slime creature
  1877 | D:12     | You fall into a shaft and drop 3 floors!
  1877 | D:15     | Entered Level 15 of the Dungeon
  1975 | D:15     | Noticed an orc knight
  2027 | D:14     | Learned a level 6 spell: Iron Shot
  2040 | D:14     | Noticed a six-headed hydra
  2051 | D:14     | Noticed a deep elf pyromancer
  2106 | D:14     | Found a white marble altar of Elyvilon.
  2164 | D:14     | You fall into a shaft and drop 1 floor!
  2196 | D:13     | Noticed a meliai
  2196 | D:13     | Noticed a meliai
  2232 | D:13     | Noticed a slime creature
  2238 | D:13     | Noticed a centaur warrior
  2244 | D:13     | You fall into a shaft and drop 2 floors!
  2328 | D:14     | Noticed a boulder beetle
  2375 | D:13     | Noticed a centaur warrior
  2375 | D:13     | Noticed a slime creature
  2375 | D:13     | Noticed a slime creature
  2375 | D:13     | Noticed a slime creature
  2386 | D:13     | You fall into a shaft and drop 1 floor!
  2387 | D:14     | Noticed a green ugly thing
  2397 | D:14     | Noticed a basilisk
  2428 | D:14     | Noticed a slime creature
  2429 | D:14     | Noticed a slime creature
  2442 | D:14     | Noticed a green ugly thing
  2442 | D:14     | Noticed a green ugly thing
  2449 | D:14     | You fall into a shaft and drop 1 floor!
  2541 | D:14     | You fall into a shaft and drop 1 floor!
  2560 | D:13     | Noticed a meliai
  2734 | D:14     | HP: 2/50 [slime creature (7)]
  2738 | D:14     | Demolished by a slime creature

Illustrated notes

Levels and vault maps discovered:
D:4:      layout_cave_pods, nicolae_ru_path_of_blood,
          mainiacjoe_overflow_concentric_impassable, portal_sewer_entry_c,
          chequers_serial_rivers_micro_a, uniq_edmund
D:5:      layout_basic, minmay_temple_entry_from_below_a, gammafunk_ghost_smash,
          chequers_serial_rivers_micro_b
D:6:      layout_cave_pools, minivault_5, uniq_pikel, uniq_menkaure
D:7:      layout_basic, minmay_misc_feat_pillars, dk_rats_in_the_wall
D:8:      layout_loops_cross, serial_shops, shop, uniq_maurice,
          uniq_prince_ribbit1, uniq_gastronok
D:9:      layout_basic, gammafunk_temple_overflow_wave, erik_lair_island
D:12:     layout_basic, zombieorc2_lemuel, gauntlet_entry_generic
D:13:     layout_rooms, serial_bayou_lagoon_b
D:14:     layout_loops_cross, david_vaults_5, elyvilon_altar_4,
          kennysheep_generic_room_4
D:15:     grunt_enter_depths_snipers, layout_loops_ring, serial_shops,
          shop_statue, moated_statue

Skill      XL: |  1  2  3  4  5  6  7 |
---------------+----------------------+-----
Spellcasting   | 2 4 5 6 7 |  7.0
Fighting       | |  3.2
Maces & Flails | |  2.0
Dodging        | |  1.7
Stealth        | |  6.0

Action                     |  1- 3 |  4- 6 |  7- 9 || total
---------------------------+-------+-------+-------++-------
  Melee: Mace              |     3 |    49 |    53 ||   105
         Punch             |       |       |     1 ||     1
  Throw: Stone             |       |     2 |     1 ||     3
Ability: Shaft Self        |     1 |     3 |     6 ||    10
         Dig               |       |       |     1 ||     1
  Evoke: Wand              |     3 |     2 |     2 ||     7
         Box of beasts     |       |       |     1 ||     1
    Use: Scroll            |       |       |     1 ||     1
         Potion            |       |       |     1 ||     1
 Armour: Leather armour    |     3 |     4 |    13 ||    20
  Dodge: Dodged            |     4 |    40 |    25 ||    69

Table legend: (Time is in decaauts)
 A = Elapsed time spent in this place.
 B = Non-inter-level travel time spent in this place.
 C = Inter-level travel time spent in this place.
 D = Time resting spent in this place.
 E = Time spent auto-exploring this place.
 F = Levels seen in this place.
 G = Mean time per level.
                   A        B        C        D        E       F      G
               +--------+--------+--------+--------+--------+-----+--------+
         Total |   2773 |   2762 |     11 |    916 |    264 |  10 |  277.3 |
       Dungeon |   2773 |   2762 |     11 |    916 |    264 |  10 |  277.3 |
               +--------+--------+--------+--------+--------+-----+--------+

Top non-repeatable levels by time:
    D:12: 638 daAuts
    D:14: 610 daAuts
     D:7: 583 daAuts
     D:8: 284 daAuts
     D:9: 192 daAuts
    D:15: 183 daAuts
     D:5: 145 daAuts
    D:13: 74 daAuts
     D:6: 54 daAuts
     D:4: 6 daAuts
